TOP OF THE 1ST |
Minnesota Twins batting - Pitching for Montreal Expos : LHP James Fisher
|
Pitching: LHP James Fisher
|
|
Batting: RHB Jesse Scott
|
0-0: Called Strike 0-1: Ground out 6-3 (Groundball, 6, EV 86.2 MPH)
|
Batting: LHB Joel Kunkler
|
0-0: Called Strike 0-1: Foul Ball, location: 2F 0-2: Ball 1-2: Ball 2-2: Ground out U3 (Groundball, 3, EV 88.1 MPH)
|
Batting: RHB Hildo Pot
|
0-0: Called Strike 0-1: Ball 1-1: Ground out 6-3 (Groundball, 6, EV 96.9 MPH)
|
Top of the 1st over - 0 runs, 0 hits, 0 errors, 0 left on base; Minnesota 0 - Montreal 0 |
BOTTOM OF THE 1ST |
Montreal Expos batting - Pitching for Minnesota Twins : LHP Danny Lawson
|
Pitching: LHP Danny Lawson
|
|
Batting: SHB Bran Stark
|
0-0: Ball 1-0: Fly out, F8 (Flyball, 89D, EV 90.0 MPH)
|
Batting: RHB Hugo Bautista
|
0-0: Ball 1-0: Swinging Strike 1-1: Ball 2-1: Called Strike 2-2: Foul Ball, location: 2F 2-2: Ball 3-2: Base on Balls
|
Batting: RHB Mike Salmon
|
0-0: Ball 1-0: Foul Ball, location: 2F 1-1: Swinging Strike 1-2: SINGLE (Flyball, 34D, EV 91.2 MPH) Hugo Bautista to second
|
Batting: LHB Austin Ohmer
|
0-0: Called Strike 0-1: Ball 1-1: Swinging Strike 1-2: SINGLE (Groundball, P, EV 86.9 MPH) (infield hit) Hugo Bautista to third Mike Salmon to second
|
Batting: RHB John Ham
|
0-0: Swinging Strike 0-1: Ball 1-1: Swinging Strike 1-2: Ball 2-2: Ball 3-2: SINGLE (Groundball, 56D, EV 106.2 MPH) Hugo Bautista scores Mike Salmon to third Austin Ohmer to second
|
Batting: RHB Robby Juarez
|
0-0: Ball 1-0: SINGLE (Line Drive, 7S, EV 95.6 MPH) Mike Salmon scores Austin Ohmer to third John Ham to second Runner from 3rd tries for Home, SAFE, throw by LF to home
|
Batting: RHB Alex Rodriguez Jr.
|
0-0: SINGLE (Line Drive, 6MD, EV 96.2 MPH) John Ham to third Robby Juarez to second Runner from 3rd tries for Home, throw by CF and OUT! 8-2
|
Batting: LHB Steve Anderson
|
0-0: Ball 1-0: Called Strike 1-1: Ball 2-1: Called Strike 2-2: Foul Ball, location: 2F 2-2: Strikes out swinging
|
Bottom of the 1st over - 3 runs, 5 hits, 0 errors, 2 left on base; Minnesota 0 - Montreal 3 |
TOP OF THE 2ND |
Minnesota Twins batting - Pitching for Montreal Expos : LHP James Fisher
|
Batting: RHB Matthew Starr
|
0-0: Ball 1-0: Called Strike 1-1: Foul Ball, location: 2F 1-2: Strikes out swinging
|
Batting: RHB Danny Miramontes
|
0-0: Foul Ball, location: 2F 0-1: Fly out, F9 (Flyball, 89M, EV 88.1 MPH)
|
Batting: RHB Mike Quackenbush
|
0-0: Ball 1-0: Called Strike 1-1: Called Strike 1-2: Strikes out looking
|
Top of the 2nd over - 0 runs, 0 hits, 0 errors, 0 left on base; Minnesota 0 - Montreal 3 |
BOTTOM OF THE 2ND |
Montreal Expos batting - Pitching for Minnesota Twins : LHP Danny Lawson
|
Batting: RHB Eugênio Asceno
|
0-0: Swinging Strike 0-1: Ball 1-1: Swinging Strike 1-2: Ball 2-2: Ground out 6-3 (Groundball, 6, EV 84.4 MPH)
|
Batting: SHB Bran Stark
|
0-0: SINGLE (Groundball, 6S, EV 65.6 MPH) (infield hit)
|
Batting: RHB Hugo Bautista
|
0-0: Ball 1-0: Called Strike 1-1: Grounds into double play, 5-4-3 (Groundball, 56, EV 86.2 MPH)
|
Bottom of the 2nd over - 0 runs, 1 hit, 0 errors, 0 left on base; Minnesota 0 - Montreal 3 |
TOP OF THE 3RD |
Minnesota Twins batting - Pitching for Montreal Expos : LHP James Fisher
|
Batting: RHB Yonetoshi Muranaka
|
0-0: Ball 1-0: Called Strike 1-1: Ball 2-1: Ball 3-1: Called Strike 3-2: Ground out 5-3 (Groundball, 56S, EV 85.0 MPH)
|
Batting: RHB Aaron Trotman
|
0-0: Ball 1-0: Ball 2-0: Fly out, F5 (Line Drive, 5, EV 68.8 MPH)
|
Batting: RHB Sifaks Warui
|
0-0: Ball 1-0: Ground out 4-3 (Groundball, 4, EV 103.1 MPH)
|
Top of the 3rd over - 0 runs, 0 hits, 0 errors, 0 left on base; Minnesota 0 - Montreal 3 |
BOTTOM OF THE 3RD |
Montreal Expos batting - Pitching for Minnesota Twins : LHP Danny Lawson
|
Batting: RHB Mike Salmon
|
0-0: Called Strike 0-1: Fly out, F8 (Flyball, 89D, EV 95.0 MPH)
|
Batting: LHB Austin Ohmer
|
0-0: Called Strike 0-1: Foul Ball, location: 2F 0-2: Strikes out swinging
|
Batting: RHB John Ham
|
0-0: Fly out, F3 (Flyball, 34D, EV 86.2 MPH)
|
Bottom of the 3rd over - 0 runs, 0 hits, 0 errors, 0 left on base; Minnesota 0 - Montreal 3 |
TOP OF THE 4TH |
Minnesota Twins batting - Pitching for Montreal Expos : LHP James Fisher
|
Batting: RHB Jesse Scott
|
0-0: Swinging Strike 0-1: Foul Ball, location: 2F 0-2: Fly out, F9 (Flyball, 9, EV 91.2 MPH)
|
Batting: LHB Joel Kunkler
|
0-0: Ball 1-0: Ball 2-0: Ground out 4-3 (Groundball, 4, EV 88.1 MPH)
|
Batting: RHB Hildo Pot
|
0-0: Ball 1-0: Ball 2-0: Called Strike 2-1: Ground out U3 (Groundball, 3L, EV 101.9 MPH)
|
Top of the 4th over - 0 runs, 0 hits, 0 errors, 0 left on base; Minnesota 0 - Montreal 3 |
BOTTOM OF THE 4TH |
Montreal Expos batting - Pitching for Minnesota Twins : LHP Danny Lawson
|
Batting: RHB Robby Juarez
|
0-0: Ball 1-0: Swinging Strike 1-1: Foul Ball, location: 2F 1-2: Ground out 4-3 (Groundball, 4, EV 106.9 MPH)
|
Batting: RHB Alex Rodriguez Jr.
|
0-0: SINGLE (Line Drive, 4D, EV 97.5 MPH)
|
Batting: LHB Steve Anderson
|
0-0: Swinging Strike 0-1: Ball 1-1: Foul Ball, location: 2F 1-2: Foul Ball, location: 2F 1-2: Grounds into double play, 5-4-3 (Groundball, 56, EV 100.0 MPH)
|
Bottom of the 4th over - 0 runs, 1 hit, 0 errors, 0 left on base; Minnesota 0 - Montreal 3 |
TOP OF THE 5TH |
Minnesota Twins batting - Pitching for Montreal Expos : LHP James Fisher
|
Batting: RHB Matthew Starr
|
0-0: SINGLE (Line Drive, 89S, EV 109.4 MPH)
|
Batting: RHB Danny Miramontes
|
0-0: Called Strike 0-1: Grounds into double play, 3-6-1 (Groundball, 3, EV 102.5 MPH)
|
Batting: RHB Mike Quackenbush
|
0-0: Foul Ball, location: 2F 0-1: Called Strike 0-2: SOLO HOME RUN (Line Drive, 7LD, EV 94.4 MPH), Distance : 340 ft
|
Batting: RHB Yonetoshi Muranaka
|
0-0: Ball 1-0: Ball 2-0: Called Strike 2-1: Ball 3-1: SINGLE (Groundball, 56S, EV 70.0 MPH) (infield hit)
|
Batting: RHB Aaron Trotman
|
0-0: Ball 1-0: Ball 2-0: SINGLE (Groundball, 56S, EV 65.0 MPH) (infield hit) Yonetoshi Muranaka to second
|
Batting: RHB Sifaks Warui
|
0-0: Ball 1-0: Foul Ball, location: 2F 1-1: Swinging Strike 1-2: Ball 2-2: Ball 3-2: Hit by Pitch Yonetoshi Muranaka to third Aaron Trotman to second
|
Batting: RHB Jesse Scott
|
0-0: Fielders Choice at 2nd, 6-4 (Groundball, 6, EV 88.1 MPH)
|
Top of the 5th over - 1 run, 4 hits, 0 errors, 3 left on base; Minnesota 1 - Montreal 3 |
BOTTOM OF THE 5TH |
Montreal Expos batting - Pitching for Minnesota Twins : LHP Danny Lawson
|
Batting: RHB Eugênio Asceno
|
0-0: Ball 1-0: Ball 2-0: Called Strike 2-1: SINGLE (Line Drive, 4MD, EV 103.1 MPH)
|
Batting: SHB Bran Stark
|
0-0: Ball 1-0: Ball Eugênio Asceno steals 2nd base 2-0: Ground out 5-3 (Groundball, 56S, EV 81.2 MPH)
|
Batting: RHB Hugo Bautista
|
0-0: Called Strike 0-1: Ball 1-1: Ball 2-1: Ball 3-1: Base on Balls
|
Batting: RHB Mike Salmon
|
0-0: Called Strike 0-1: Grounds into double play, 5-4-3 (Groundball, 5S, EV 83.1 MPH)
|
Bottom of the 5th over - 0 runs, 1 hit, 0 errors, 1 left on base; Minnesota 1 - Montreal 3 |
TOP OF THE 6TH |
Minnesota Twins batting - Pitching for Montreal Expos : LHP James Fisher
|
Batting: LHB Joel Kunkler
|
0-0: Ball 1-0: Swinging Strike 1-1: Called Strike 1-2: Fly out, F5 (Line Drive, 5, EV 66.2 MPH)
|
Batting: RHB Hildo Pot
|
0-0: Ball 1-0: SINGLE (Line Drive, 34, EV 108.8 MPH)
|
Batting: RHB Matthew Starr
|
0-0: Ball Hildo Pot is caught stealing 2nd base 2-4 1-0: Ball 2-0: Fly out, F4 (Flyball, 4D, EV 81.9 MPH)
|
Top of the 6th over - 0 runs, 1 hit, 0 errors, 0 left on base; Minnesota 1 - Montreal 3 |
BOTTOM OF THE 6TH |
Montreal Expos batting - Pitching for Minnesota Twins : LHP Danny Lawson
|
Batting: LHB Austin Ohmer
|
0-0: Ball 1-0: Foul Ball, location: 2F 1-1: Called Strike 1-2: Ball 2-2: Ball 3-2: SOLO HOME RUN (Flyball, 7D, EV 100.6 MPH), Distance : 376 ft
|
Batting: RHB John Ham
|
0-0: Ground out 4-3 (Groundball, 34D, EV 108.1 MPH)
|
Batting: RHB Robby Juarez
|
0-0: Ball 1-0: Called Strike 1-1: Fly out, F8 (Flyball, 8LS, EV 88.8 MPH)
|
Batting: RHB Alex Rodriguez Jr.
|
0-0: Ball 1-0: Called Strike 1-1: Foul Ball, location: 2F 1-2: Ground out 4-3 (Groundball, 4, EV 79.4 MPH)
|
Bottom of the 6th over - 1 run, 1 hit, 0 errors, 0 left on base; Minnesota 1 - Montreal 4 |
TOP OF THE 7TH |
Minnesota Twins batting - Pitching for Montreal Expos : LHP James Fisher
|
Batting: RHB Danny Miramontes
|
0-0: Ball 1-0: Ball 2-0: Foul Ball, location: 2F 2-1: Foul Ball, location: 2F 2-2: Ground out 4-3 (Groundball, 4, EV 88.8 MPH)
|
Batting: RHB Mike Quackenbush
|
0-0: Ball 1-0: Ball 2-0: DOUBLE (Flyball, 8RXD, EV 103.8 MPH)
|
Batting: RHB Yonetoshi Muranaka
|
0-0: Ball 1-0: Called Strike 1-1: Ground out 4-3 (Groundball, 4, EV 87.5 MPH) Mike Quackenbush to third
|
Batting: RHB Aaron Trotman
|
0-0: Called Strike 0-1: Called Strike 0-2: Ball 1-2: Ground out 5-3 (Groundball, 5L, EV 83.8 MPH)
|
Top of the 7th over - 0 runs, 1 hit, 0 errors, 1 left on base; Minnesota 1 - Montreal 4 |
BOTTOM OF THE 7TH |
Montreal Expos batting - Pitching for Minnesota Twins : LHP Danny Lawson
|
Batting: LHB Steve Anderson
|
0-0: Ball 1-0: Ball 2-0: Swinging Strike 2-1: Ground out U3 (Groundball, 3S, EV 88.8 MPH)
|
Batting: RHB Eugênio Asceno
|
0-0: Ball 1-0: Fly out, F8 (Flyball, 8LD, EV 98.8 MPH)
|
Batting: SHB Bran Stark
|
0-0: Called Strike 0-1: Swinging Strike 0-2: Strikes out looking
|
Bottom of the 7th over - 0 runs, 0 hits, 0 errors, 0 left on base; Minnesota 1 - Montreal 4 |
TOP OF THE 8TH |
Minnesota Twins batting - Pitching for Montreal Expos : LHP James Fisher
|
Batting: RHB Sifaks Warui
|
0-0: Called Strike 0-1: Swinging Strike 0-2: Ball 1-2: Ground out 5-3 (Groundball, 5, EV 83.8 MPH)
|
Batting: RHB Jesse Scott
|
0-0: Ball 1-0: Called Strike 1-1: Ground out 6-3 (Groundball, 6S, EV 86.9 MPH)
|
Batting: LHB Joel Kunkler
|
0-0: Called Strike 0-1: Ball 1-1: Swinging Strike 1-2: Ball 2-2: Strikes out looking
|
Top of the 8th over - 0 runs, 0 hits, 0 errors, 0 left on base; Minnesota 1 - Montreal 4 |
BOTTOM OF THE 8TH |
Montreal Expos batting - Pitching for Minnesota Twins : LHP Danny Lawson
|
Batting: RHB Hugo Bautista
|
0-0: Ground out 5-3 (Groundball, 5, EV 86.2 MPH)
|
Batting: RHB Mike Salmon
|
0-0: Ball 1-0: Ball 2-0: Ball 3-0: Base on Balls
|
Batting: LHB Austin Ohmer
|
0-0: Ball 1-0: Called Strike 1-1: Ball 2-1: Ball 3-1: Foul Ball, location: 2F 3-2: 2-RUN HOME RUN (Flyball, 9LD, EV 93.8 MPH), Distance : 336 ft
|
Pitching: RHP Tomas Vargas
|
|
Batting: RHB John Ham
|
0-0: TRIPLE (Line Drive, 8RD, EV 89.4 MPH)
|
Batting: RHB Robby Juarez
|
0-0: Foul Ball, location: 2F 0-1: Foul Ball, location: 2F 0-2: Strikes out swinging
|
Batting: RHB Alex Rodriguez Jr.
|
0-0: Ball 1-0: Ball 2-0: Called Strike 2-1: 2-RUN HOME RUN (Flyball, 7D, EV 100.0 MPH), Distance : 376 ft
|
Batting: LHB Steve Anderson
|
0-0: Ball 1-0: Swinging Strike 1-1: Ball 2-1: Ball 3-1: Base on Balls
|
Batting: RHB Eugênio Asceno
|
0-0: Called Strike 0-1: Ball 1-1: Fly out, F9 (Flyball, 9LS, EV 86.9 MPH)
|
Bottom of the 8th over - 4 runs, 3 hits, 0 errors, 1 left on base; Minnesota 1 - Montreal 8 |
TOP OF THE 9TH |
Minnesota Twins batting - Pitching for Montreal Expos : LHP James Fisher
|
Batting: RHB Hildo Pot
|
0-0: Called Strike 0-1: Ball 1-1: Fly out, F6 (Line Drive, 6, EV 72.5 MPH)
|
Batting: RHB Matthew Starr
|
0-0: Called Strike 0-1: Fly out, F7 (Flyball, 7D, EV 105.0 MPH)
|
Batting: RHB Danny Miramontes
|
0-0: Called Strike 0-1: Fly out, F3 (Line Drive, 3, EV 72.5 MPH)
|
Top of the 9th over - 0 runs, 0 hits, 0 errors, 0 left on base; Minnesota 1 - Montreal 8 |
|